 Dungeon Crawl Stone Soup version 0.30.0-18-gc0e69614cb (webtiles) character file.

Game seed: 7257750768606142002

372 Heoruswealwe the Magician (level 6, -4/32 HPs)
             Began as a Deep Elf Earth Elementalist on May 24, 2023.
             Slain by Edmund
             ... wielding a +1 flail of protection
              (8 damage)
             ... on level 4 of the Dungeon.
             The game lasted 00:25:40 (1697 turns).

Heoruswealwe the Magician (DEEE)                    Turns: 1697, Time: 00:25:41

Health: -4/32      AC:  6    Str:  5    XL:     6   Next: 43%
Magic:  8/17       EV: 12    Int: 22    God:
Gold:   158        SH:  0    Dex: 15    Spells: 8/18 levels left

rFire   . . .        b - +2 whip (elec)
rCold   + . .        (no shield)
rNeg    . . .        c - +0 robe
rPois   .            (no helmet)
rElec   .            (no cloak)
rCorr   .            (no gloves)
SInv    .            (no boots)
Will    .....        (no amulet)
Stlth   ++           k - +4 ring of protection
HPRegen 0.25/turn    j - ring of protection from cold
MPRegen 0.15/turn

%: no passive effects
@: lethally poisoned (-4 -> -7)
A: no striking features
a: no special abilities


You were on level 4 of the Dungeon.
You visited 1 branch of the dungeon, and saw 4 of its levels.

You collected 158 gold pieces.

Inventory:

Hand Weapons
 b - a +2 whip of electrocution (weapon)
 p - a +0 war axe
Armour
 c - a +0 robe (worn)
 s - a +0 robe
Jewellery
 j - a ring of protection from cold (right hand)
 k - a +4 ring of protection (left hand)
Scrolls
 a - a scroll of amnesia
 i - a scroll of blinking
 m - a scroll of brand weapon
 o - a scroll of poison
 u - 2 scrolls of identify
 v - a scroll of vulnerability {unknown}
Potions
 d - 2 potions of brilliance
 e - a potion of magic
 f - a potion of ambrosia {unknown}
 g - a potion of haste {unknown}
 h - a potion of heal wounds {unknown}
 l - a potion of might {unknown}
 n - a potion of cancellation {unknown}
 q - a potion of flight {unknown}
 r - 2 potions of resistance {unknown}


   Skills:
 - Level 2.4 Dodging
 - Level 2.4 Stealth
 + Level 6.8 Spellcasting
 - Level 1.1 Transmutations
 + Level 6.1 Earth Magic


You had 8 spell levels left.
You knew the following spells:

 Your Spells              Type           Power      Damage    Failure   Level
a - Sandblast             Erth           68%        2d15      1%          1
b - Stone Arrow           Conj/Erth      42%        3d9       7%          3
c - Petrify               Tmut/Erth      23%        N/A       19%         4
z - Passwall              Tmut/Erth      19%        N/A       3%          2

Your spell library contained the following spells:

 Spells                   Type           Power      Damage    Failure   Level
 Freeze                   Ice            28%        1d5       9%          1
 Necrotise                Necr           28%        1d5       9%          1
 Frozen Ramparts          Ice            14%        1d3       26%         3
 Hailstorm                Conj/Ice       7%         3d4       26%         3
 Vampiric Draining        Necr           7%         2d6       26%         3
 Agony                    Necr           7%         N/A       93%         5


Dungeon Overview and Level Annotations

Branches:
Dungeon (4/15)
 Temple: D:4-7

Altars:
Hepliaklqana

Annotations:
D:4 Edmund


Message History

You feel sick. Edmund attacks as you move away! Edmund misses you.
You feel sick.
The kobold throws a poisoned dart.
The poisoned dart barely misses you.
You feel sick.
The kobold throws a poisoned dart.
The poisoned dart hits you!
You are lethally poisoned!
You feel better. Edmund barely misses you.
Your magical contamination has completely faded away.
Casting: Stone Arrow (quite dangerous; 7% risk of failure)
Confirm with . or Enter, or press ? or * to list all spells.
The spell is quite dangerous to miscast (7% risk of failure)!
Continue anyway?
Aiming: Stone Arrow (quite dangerous; 7% risk of failure)
Press: ? - help, Shift-Dir - straight line, f/p - Edmund
Aim: Edmund, wielding a +1 flail of protection and wearing a +0 chain mail (lightly wounded, 79% to hit)
The stone arrow hits Edmund.
Edmund is moderately wounded.
Edmund hits you with a +1 flail of protection.
Casting: Stone Arrow (quite dangerous; 7% risk of failure)
Confirm with . or Enter, or press ? or * to list all spells.
The spell is quite dangerous to miscast (7% risk of failure)!
Continue anyway?
Aiming: Stone Arrow (quite dangerous; 7% risk of failure)
Press: ? - help, Shift-Dir - straight line, f/p - Edmund
Aim: Edmund, wielding a +1 flail of protection and wearing a +0 chain mail (moderately wounded, 79% to hit)
The stone arrow hits Edmund!
Edmund is moderately wounded.
Edmund hits you with a +1 flail of protection.
* * * LOW HITPOINT WARNING * * *
You feel better.
The kobold throws a poisoned dart.
The poisoned dart hits you!
You are poisoned.
Edmund hits you with a +1 flail of protection!
* * * LOW HITPOINT WARNING * * *
* * * LOW HITPOINT WARNING * * *
You feel sick.
The kobold throws a poisoned dart.
The poisoned dart barely misses you.
* * * LOW HITPOINT WARNING * * *
You feel sick.
* * * LOW HITPOINT WARNING * * *
You feel sick. Edmund attacks as you move away!
Edmund hits you with a +1 flail of protection!
You die...

###.. .##..# ....##.#..#
....#.... ......# ### ....#
..# ##...##.## ....
..######........#.. ....
###.#.....##........ .....
#.....@..## .....# #...
##....#@..## .....##
#..###....###...# .......
#.........##..##.....$. ###
#.........##.K.#.......
###.#####.........#..........?
#...>.....#.#.................
(.......).#.#.................
#..................##.........


You could see Edmund and a kobold.

Vanquished Creatures
  An ogre (D:4)
  An orc priest (D:3)
  Natasha (thrice) (D:3)
  2 orc wizards
  4 gnolls (D:3)
  An adder (D:3)
  2 worms
  A dart slug (D:1)
  8 orcs
  7 endoplasms
  A giant cockroach (D:3)
  7 goblins
  4 hobgoblins
  7 jackals
  3 kobolds
  4 quokkas
  9 ball pythons
  3 bats
  3 frilled lizards
  3 rats
74 creatures vanquished.

Notes
Turn   | Place    | Note
-------+----------+-------------------------------------------
     0 | D:1      | Heoruswealwe the Deep Elf Earth Elementalist began the
                  | quest for the Orb.
     0 | D:1      | Reached XP level 1. HP: 10/10 MP: 6/6
    75 | D:1      | Reached XP level 2. HP: 15/15 MP: 0/8
    87 | D:1      | Learned a level 2 spell: Passwall
   495 | D:2      | Found a hazy altar of Hepliaklqana.
   506 | D:2      | Reached XP level 3. HP: 19/19 MP: 7/10
   512 | D:2      | Learned a level 3 spell: Stone Arrow
   956 | D:3      | Reached XP level 4. HP: 24/24 MP: 4/12
   975 | D:3      | Learned a level 4 spell: Petrify
  1188 | D:3      | Noticed Natasha
  1199 | D:3      | Killed Natasha
  1200 | D:3      | Reached skill level 5 in Spellcasting
  1283 | D:3      | Noticed Natasha
  1284 | D:3      | Reached skill level 5 in Earth Magic
  1284 | D:3      | Reached XP level 5. HP: 24/28 MP: 9/14
  1288 | D:3      | Killed Natasha
  1302 | D:3      | Identified the ring of Generosity {rPois Will- Str+6 Int-3
                  | Stlth+}
  1395 | D:3      | Noticed Natasha
  1399 | D:3      | Killed Natasha
  1428 | D:3      | HP: 1/28 [something/puff of flame (6)]
  1572 | D:4      | Noticed an ogre
  1578 | D:4      | Killed an ogre
  1579 | D:4      | Reached XP level 6. HP: 27/32 MP: 13/17
  1679 | D:4      | Noticed Edmund
  1697 | D:4      | Slain by Edmund

Illustrated notes

Levels and vault maps discovered:
D:1:      scummos_arrival_star, layout_rooms
D:2:      layout_basic, basic_altar
D:3:      layout_rooms, minmay_misc_feat_columns, dk_vineyard_1,
          minmay_distorted, uniq_natasha
D:4:      layout_cave_pools, uniq_edmund

Skill      XL: |  1  2  3  4  5 |
---------------+----------------+-----
Spellcasting   | 4 5 6 |  6.8
Earth Magic    | 4 5 6 |  6.1
Dodging        | |  2.4
Stealth        | |  2.4
Transmutations | |  1.1

Action                     |  1- 3 |  4- 6 || total
---------------------------+-------+-------++-------
  Melee: Whip              |       |     1 ||     1
   Cast: Sandblast         |    59 |    59 ||   118
         Stone Arrow       |       |     2 ||     2
    Use: Scroll            |       |     4 ||     4
         Potion            |       |     4 ||     4
 Armour: Robe              |     3 |     7 ||    10
  Dodge: Dodged            |     4 |    25 ||    29
